 Dungeon Crawl Stone Soup version 0.30.0-18-gc0e69614cb (webtiles) character file.

Game seed: 8777099808623233725

193 Jackthecabe the Cudgeller (level 5, -2/48 (50) HPs)
             Began as an Ogre Warper on May 24, 2023.
             Slain by a gnoll
             ... wielding a +0 flail
              (8 damage)
             ... on level 4 of the Dungeon.
             The game lasted 00:08:39 (4830 turns).

Jackthecabe the Cudgeller (Ogre Warper)             Turns: 4830, Time: 00:08:40

HP:   -2/48 (50)    AC:  7    Str: 17    XL:     5   Next: 72%
MP:   8/8           EV:  9    Int: 14    God:
Gold: 204           SH:  0    Dex:  8    Spells: 3/8 levels left

rFire   . . .        a - +0 mace
rCold   . . .        (no shield)
rNeg    . . .        b - +0 robe
rPois   .            (helmet restricted)
rElec   .            (no cloak)
rCorr   .            (gloves unavailable)
SInv    .            (boots unavailable)
Will    .....        (no amulet)
Stlth   +            e - +4 ring of protection
HPRegen 0.28/turn    (no ring)
MPRegen 0.11/turn

%: no passive effects
@: lightly drained
A: large, unfitting armour, tough skin 1
a: no special abilities


You were on level 4 of the Dungeon.
You visited 2 branches of the dungeon, and saw 6 of its levels.

You collected 204 gold pieces.

Inventory:

Hand Weapons
 a - a +0 mace (weapon)
Missiles
 h - 11 poisoned darts (quivered)
Armour
 b - a +0 robe (worn)
 i - a +0 kite shield
   (You found it on level 1 of the Dungeon)
Jewellery
 e - a +4 ring of protection (left hand)
   (You found it on level 1 of the Dungeon)
Scrolls
 c - a scroll of blinking {!r!d}
 k - 2 scrolls of torment {unknown}
 l - a scroll of amnesia {unknown}
 m - a scroll of teleportation {unknown}
 o - a scroll of identify {unknown}
 p - a scroll of brand weapon {unknown}
 q - a scroll of poison {unknown}
Potions
 d - 3 potions of brilliance {unknown}
 f - 2 potions of ambrosia {unknown}
 g - a potion of flight {unknown}
 j - a potion of heal wounds {@q2, !d}
 n - a potion of magic {unknown}
 r - 2 potions of resistance {unknown}
 s - a potion of haste {unknown}


   Skills:
 - Level 2.6 Fighting
 + Level 5.2 Maces & Flails
 - Level 1.0 Throwing
 - Level 2.1 Dodging
 - Level 2.4 Spellcasting
 - Level 2.6 Translocations


You had 3 spell levels left.
You knew the following spells:

 Your Spells              Type           Power      Damage    Failure   Level
a - Vhi's Electric Charg  Tloc/Air       10%        N/A       36%         3
B - Blink                 Tloc           18%        N/A       12%         2

Your spell library contained the following spells:

 Spells                   Type           Power      Damage    Failure   Level
 Lesser Beckoning         Tloc           18%        N/A       12%         2
 Kiss of Death            Conj/Necr      4%         2d5       22%         1
 Teleport Other           Tloc           9%         N/A       22%         3
 Sublimation of Blood     Necr           1%         N/A       34%         2
 Wereblood                Tmut           1%         N/A       34%         2
 Confusing Touch          Hex            1%         N/A       56%         3
 Manifold Assault         Tloc           9%         N/A       58%         4
 Dispel Undead            Necr           1%         3d6       92%         4
 Summon Hydra             Summ           0%         N/A       100%        7


Dungeon Overview and Level Annotations

Branches:
Dungeon (5/15)             Temple (1/1) D:4

Altars:
Ashenzari
Cheibriados
Dithmenos
Elyvilon
Fedhas
Hepliaklqana
Kikubaaqudgha
Nemelex Xobeh
Okawaru
Qazlal
Sif Muna
Trog
Uskayaw
Vehumet
Xom
Zin
The Shining One


Innate Abilities, Weirdness & Mutations

You are too large for most types of armour.
You have tough skin. (AC +1)


Message History

a +0 short sword; 5 stones; a kobold corpse You see here a +0 club.
There is an escape hatch in the ceiling here.
A mysterious force pulls you upwards. The hatch slams shut behind you.
There is a stone staircase leading down here.
You climb downwards.
There is a stone staircase leading up here.
You see here a +0 club.
Items here: )))).
Things that are here:
a +0 club; a +0 sling You open the door.
There is an open door here.
You enter the shallow water.
You open the door.
There is an open door here.
An ice beast is nearby!
There is a stone staircase leading up here.
You climb upwards.
There is a stone staircase leading down here.
There is an open door here.
There is a stone staircase leading down here.
You climb downwards.
There is a stone staircase leading up here.
Things that are here:
2 stones; a +0 short sword A ball python comes into view.
A ball python is nearby!
You barely miss the ball python. The ball python bites you.
You take 1 damage, and have 47/48 hp.
You hit the ball python but do no damage.
The ball python bites you but does no damage.
You closely miss the ball python. The ball python barely misses you.
The ball python bites you but does no damage.
You sock the ball python!
You kill the ball python!
Health restored: 48 No target in view!
No target in view!
A hobgoblin comes into view.
The hobgoblin shouts!
A hobgoblin is nearby!
A hobgoblin is nearby!
A hobgoblin is nearby!
The hobgoblin closely misses you.
You thump the hobgoblin!
You kill the hobgoblin!
No target in view!
No target in view!
Found a stone staircase leading down.
You now have 192 gold pieces (gained 15).
d - 3 fizzy purple potions (gained 1)
You now have 204 gold pieces (gained 12).
s - a puce potion
k - 2 scrolls labelled GAROTSOLIP (gained 1)
There is a stone staircase leading down here.
Done exploring.
Done exploring.
(D) Dungeon (T) Temple
Where to? (Enter - D:4 @ (x,y), ? - help)
There is a stone staircase leading down here.
You climb downwards.
The gnoll shouts! x3
There is a stone staircase leading up here.
There are monsters nearby!
Unknown command.
The iguana hisses angrily.
The iguana bites you but does no damage.
The gnoll barely misses you.
The gnoll hits you from afar with a +0 spear!
You take 7 damage, and have 41/48 hp.
The gnoll hits you from afar with a +0 halberd!
The gnoll hits you from afar with a +0 spear.
The iguana bites you! The gnoll completely misses you.
You climb upwards.
There is a stone staircase leading down here.
You take 24 damage, and have 17/48 hp.
MASSIVE DAMAGE!!
Unknown command.
You hit the gnoll. The gnoll barely misses you. The iguana barely misses you.
It was a potion of heal wounds.
You feel much better. The gnoll hits you with a +0 flail.
The iguana closely misses you.
You regained 16 hp, and now have 33/48 hp.
You barely miss the gnoll. The gnoll hits you but does no damage.
The iguana closely misses you.
You barely miss the gnoll. The gnoll hits you with a +0 flail.
The iguana bites you.
You take 7 damage, and have 27/48 hp.
You sock the gnoll! The gnoll hits you with a +0 flail! The iguana bites you!
* * * LOW HITPOINT WARNING * * *
You take 21 damage, and have 6/48 hp.
MASSIVE DAMAGE!!
You feel much better. The gnoll hits you with a +0 flail! The iguana bites you.
You regained 26 hp, and now have 32/48 hp.
You barely miss the gnoll. The gnoll hits you with a +0 flail.
The iguana bites you.
You take 7 damage, and have 25/48 hp.
You hit the gnoll. The gnoll hits you with a +0 flail! The iguana bites you!
* * * LOW HITPOINT WARNING * * *
You take 20 damage, and have 5/48 hp.
MASSIVE DAMAGE!!
You hit the gnoll. The gnoll hits you with a +0 flail!
You die...

#.##.......###.#
##.#...#........#
...#........##.##
##.......##.##.# #####
#..........##.#######...#
####(##.#####.#.........#
##.##.#####.#.#####...########
#...#.......#g# ##..........
#...#########@## ###########
#...###### #.l# #### ##
#..<.....#####.############...
.###...##...................##.##
...).........#.##.##.#......##.##
...........#.#.##.#..............
.....................#.......#..#
.#......#.#.##.##.#..#.......#...
.#.#........##.##(.....#####.##..


You could see an iguana and a gnoll.

Vanquished Creatures
  An orc priest (D:2)
  Robin (D:3)
  A gnoll (D:1)
  7 adders (D:2 D:3 D:4)
  A dart slug (D:1)
  6 orcs (D:1 D:2 D:3 D:4)
  4 ball pythons (D:1 D:2 D:3 D:4)
  9 endoplasms (D:1 D:2 D:3)
  2 giant cockroaches (D:1 D:2)
  10 goblins (D:2 D:3 D:4)
  9 hobgoblins (D:1 D:2 D:4 D:3)
  6 kobolds (D:1 D:2 D:4)
  A quokka (D:2)
  8 bats (D:1 D:2 D:3)
  A frilled lizard (D:1)
  4 rats (D:1 D:3)
71 creatures vanquished.

Notes
Turn   | Place    | Note
-------+----------+-------------------------------------------
     0 | D:1      | Jackthecabe the Ogre Warper began the quest for the Orb.
     0 | D:1      | Reached XP level 1. HP: 22/22 MP: 3/3
   121 | D:1      | Reached skill level 2 in Maces & Flails
   209 | D:1      | Reached XP level 2. HP: 26/29 MP: 5/5
   286 | D:1      | HP: 11/29 [gnoll/+0 club (4)]
   288 | D:1      | HP: 2/29 [gnoll/+0 club (4)]
   406 | D:1      | HP: 11/29 [gnoll/+0 club (9)]
   409 | D:1      | HP: 3/29 [gnoll/+0 club (5)]
   599 | D:1      | Reached skill level 3 in Maces & Flails
   714 | D:1      | Reached XP level 3. HP: 36/36 MP: 6/6
   857 | D:1      | You fall into a shaft and drop 1 floor!
   962 | D:2      | Found a hazy altar of Hepliaklqana.
  1078 | D:2      | HP: 18/36 [poisoned by an adder]
  1292 | D:2      | Reached XP level 4. HP: 44/44 MP: 7/7
  1378 | D:1      | Learned a level 2 spell: Blink
  1996 | D:1      | Reached skill level 4 in Maces & Flails
  2770 | D:2      | Reached XP level 5. HP: 50/50 MP: 8/8
  3223 | D:3      | Found a broken altar of Ashenzari.
  3365 | D:3      | Learned a level 3 spell: Vhi's Electric Charge
  3436 | D:3      | Found a shimmering altar of Xom.
  3437 | D:3      | Found a hide-covered altar of Uskayaw.
  3439 | D:3      | Found a stormy altar of Qazlal.
  3440 | D:3      | Found a shimmering blue altar of Sif Muna.
  3441 | D:3      | Found a bloodstained altar of Trog.
  3870 | D:4      | Reached skill level 5 in Maces & Flails
  3907 | D:4      | Noticed Robin
  4029 | D:3      | Killed Robin
  4222 | D:4      | Found a staircase to the Ecumenical Temple.
  4230 | Temple   | Entered the Ecumenical Temple
  4230 | Temple   | Found a transporter.
  4230 | Temple   | Found a transporter.
  4232 | Temple   | Found a transporter.
  4232 | Temple   | Found a transporter.
  4459 | D:4      | Noticed an ice beast
  4818 | D:5      | Entered Level 5 of the Dungeon
  4820 | D:5      | HP: 24/48 [gnoll/+0 spear (4)]
  4826 | D:4      | HP: 16/48 [gnoll/+0 flail (11)]
  4826 | D:4      | HP: 6/48 [iguana (10)]
  4830 | D:4      | Slain by a gnoll

Illustrated notes

Levels and vault maps discovered:
D:1:      nicolae_arrival_somewhat_less_tricky_arrival, layout_basic
D:2:      cheibrodos_pilgrimage, layout_basic, basic_altar
D:3:      layout_loops_corners, cheibrodos_ashenzari_chains, minitemple
D:4:      layout_loops_cross, minmay_temple_entry_sparse_star,
          chequers_serial_rivers_room_b, uniq_robin
D:5:      layout_rooms, serial_bayou_pond_d, grunt_ministairs_1, uniq_ijyb,
          uniq_edmund, uniq_eustachio, uniq_grinder
Temple:   hellmonk_temple_divided_pantheon

Skill      XL: |  1  2  3  4  5 |
---------------+----------------+-----
Maces & Flails | 2 3 4 5 |  5.2
Fighting       | |  2.6
Throwing       | |  1.0
Dodging        | |  2.1
Spellcasting   | |  2.4
Translocations | |  2.6

Action                     |  1- 3 |  4- 6 || total
---------------------------+-------+-------++-------
  Melee: Mace              |    88 |   165 ||   253
         Punch             |       |     1 ||     1
  Throw: Boomerang         |     7 |       ||     7
         Dart              |     6 |     3 ||     9
    Use: Potion            |       |     2 ||     2
   Stab: Sleeping          |       |     1 ||     1
 Armour: Robe              |    51 |    86 ||   137
  Dodge: Dodged            |    39 |    81 ||   120

Levels and vault maps discovered:
D:1:      nicolae_arrival_somewhat_less_tricky_arrival, layout_basic
D:2:      cheibrodos_pilgrimage, layout_basic, basic_altar
D:3:      layout_loops_corners, cheibrodos_ashenzari_chains, minitemple
D:4:      layout_loops_cross, minmay_temple_entry_sparse_star,
          chequers_serial_rivers_room_b, uniq_robin
D:5:      layout_rooms, serial_bayou_pond_d, grunt_ministairs_1, uniq_ijyb,
          uniq_edmund, uniq_eustachio, uniq_grinder
Temple:   hellmonk_temple_divided_pantheon

Table legend: (Time is in decaauts)
 A = Elapsed time spent in this place.
 B = Non-inter-level travel time spent in this place.
 C = Inter-level travel time spent in this place.
 D = Time resting spent in this place.
 E = Time spent auto-exploring this place.
 F = Levels seen in this place.
 G = Mean time per level.
                   A        B        C        D        E       F      G
               +--------+--------+--------+--------+--------+-----+--------+
         Total |   4889 |   4734 |    155 |    491 |   3135 |   6 |  814.8 |
       Dungeon |   4852 |   4697 |    155 |    491 |   3128 |   5 |  970.4 |
        Temple |     36 |     36 |      0 |      0 |      7 |   1 |   36.0 |
               +--------+--------+--------+--------+--------+-----+--------+

Top non-repeatable levels by time:
     D:1: 1679 daAuts
     D:2: 1265 daAuts
     D:3: 1118 daAuts
     D:4: 786 daAuts
  Temple: 36 daAuts
     D:5: 2 daAuts

Table legend:
 A = Kills in this place as a percentage of kills in the entire game.
 B = Kills by you in this place as a percentage of kills by you in the entire game.
 C = Kills by friends in this place as a percentage of kills by friends in the entire game.
 D = Other kills in this place as a percentage of other kills in the entire game.
 E = Experience gained in this place as a percentage of experience gained in the entire game.
 F = Experience gained in this place divided by the number of levels of this place that you have seen.
                   A       B       C       D       E      F
               +-------+-------+-------+-------+-------+----------------------
         Total | 100.0 | 100.0 |   N/A |   N/A | 100.0 |  46.0
       Dungeon | 100.0 | 100.0 |   N/A |   N/A | 100.0 |  55.2
               +-------+-------+-------+-------+-------+----------------------
